 Dungeon Crawl Stone Soup version 0.29.0-4-gdea44cf6ec (webtiles) character file.

Game seed: 4701245968664035120

113 qw the Chopper (level 4, -1/26 HPs)
             Began as a Tengu Warper on Aug 28, 2022.
             Frozen to death by an endoplasm (2 damage)
             ... on level 3 of the Dungeon.
             The game lasted 00:00:11 (1823 turns).

qw the Chopper (Tengu Warper)                       Turns: 1823, Time: 00:00:12

Health: -1/26      AC: 15    Str: 14    XL:     4   Next: 96%
Magic:  8/8        EV:  6    Int: 13    God:
Gold:   104        SH:  5    Dex: 13    Spells: 7/7 levels left

rFire   . . .      SeeInvis .   Y - +0 hand axe (protect)
rCold   . . .      Faith    .   (no shield)
rNeg    . . .      Spirit   .   l - +0 chain mail
rPois   +          Reflect  +   (helmet restricted)
rElec   .          Harm     .   (no cloak)
rCorr   .          Rampage  .   (no gloves)
Will    .....                   (boots unavailable)
Stlth   ..........              b - amulet of reflection
HPRegen 0.08/turn               m - ring of poison resistance
MPRegen 0.11/turn               (no ring)

@: lethally poisoned (-1 -> -6), about to teleport, under a protective aura
A: beak, talons 3
a: no special abilities


You were on level 3 of the Dungeon.
You visited 1 branch of the dungeon, and saw 4 of its levels.

You collected 104 gold pieces.


Innate Abilities, Weirdness & Mutations

You have a beak for a mouth.
You have claws for feet.


   Skills:
 - Level 2.0 Fighting
 + Level 5.4 Axes
 - Level 1.0 Throwing
 - Level 1.1 Armour
 - Level 2.1 Dodging
 - Level 2.0 Spellcasting
 - Level 2.4 Translocations


You had 7 spell levels left.
You didn't know any spells.
Your spell library contained the following spells:

 Spells                   Type           Power      Damage    Failure   Level
 Blink                    Tloc           14%        N/A       99%         2
 Gell's Gravitas          Tloc           7%         N/A       100%        3
 Lesser Beckoning         Tloc           7%         N/A       100%        3
 Teleport Other           Tloc           7%         N/A       100%        3
 Manifold Assault         Tloc           7%         N/A       100%        5

Inventory:

Hand Weapons
 i - a +0 mace
 Y - a +0 hand axe of protection (weapon)
Armour
 l - a +0 chain mail (worn)
Jewellery
 b - an amulet of reflection (around neck)
 m - a ring of poison resistance (left hand)
Scrolls
 a - a scroll of teleportation
 d - a scroll of identify
Potions
 c - a potion of invisibility {unknown}
 f - a potion of haste {unknown}
 g - a potion of curing

Dungeon Overview and Level Annotations

Branches:
Dungeon (4/15)
 Temple: D:4-7

Altars:

Shops:
D:2 !


Message History

You hit the scorpion zombie.
The scorpion zombie is heavily damaged.
You hit the scorpion zombie. You hit the scorpion. The scorpion stings you.
The scorpion zombie hits you but does no damage.
The scorpion zombie barely misses you.
You barely miss the scorpion zombie.
The scorpion zombie is heavily damaged.
You hit the scorpion zombie but do no damage.
You hit the scorpion. The scorpion stings you. The scorpion zombie hits you.
The scorpion zombie hits you but does no damage.
You hit the scorpion.
You claw the scorpion, but do no damage.
Your peck misses the scorpion.
The scorpion is severely wounded.
You barely miss the scorpion zombie.
You hit the scorpion zombie but do no damage.
The scorpion barely misses you. You block the scorpion zombie's attack.
The scorpion zombie hits you but does no damage.
The scorpion stings you.
You are poisoned.
The scorpion poisons you!
You barely miss the scorpion.
The scorpion is severely wounded.
You hit the scorpion zombie. You hit the endoplasm.
You barely miss the scorpion zombie.
You feel very sick. You block the scorpion zombie's attack.
The scorpion zombie hits you but does no damage.
The endoplasm freezes you.
You are frozen.
The scorpion closely misses you.
1823 ||| READING 2 scrolls of teleportation.
As you read the scroll of teleportation, it crumbles to dust.
You feel strangely unstable.
You feel sick. The scorpion completely misses you.
The scorpion zombie hits you. The scorpion zombie barely misses you.
The endoplasm freezes you.
You are frozen.
You die...

### ## ..#
...#####.##
.$........
.........####
............#
......s@<##.#.#
......ZJZ.<...#
..........#.....
............#.#.
.........##...#
.........# ...#
P......$.# ...#
.~~~~..... ...
~~~~.##.# ...


You could see a scorpion, 2 scorpion zombies and an endoplasm.

Vanquished Creatures
  A hound (D:4)
  4 adders
  A worm (D:2)
  3 dart slugs
  An orc (D:4)
  3 ball pythons
  A bat (D:2)
  4 endoplasms
  2 giant cockroaches
  4 goblins
  2 hobgoblins
  2 jackals (D:2)
  A quokka (D:1)
  A ball python skeleton (D:3)
  5 frilled lizards
  2 kobolds
  2 rats (D:2)
39 creatures vanquished.

Notes
Turn   | Place    | Note
-------+----------+-------------------------------------------
     0 | D:1      | qw the Tengu Warper began the quest for the Orb.
     0 | D:1      | Reached XP level 1. HP: 12/12 MP: 4/4
     0 | D:1      | 0 ||| qw: Version: 0.1-a-89-g26bdef1
     0 | D:1      | 0 ||| qw: Game counter: 3044
     0 | D:1      | 0 ||| qw: Always use a shield: true
     0 | D:1      | 0 ||| qw: God list: Okawaru
     0 | D:1      | 0 ||| qw: Allow faded altars: false
     0 | D:1      | 0 ||| qw: Do Orc after D:15 true
     0 | D:1      | 0 ||| qw: Do second Lair branch before Depths: true
     0 | D:1      | 0 ||| qw: Lair rune preference: random
     0 | D:1      | 0 ||| qw: Plans: Normal
     0 | D:1      | 0 ||| PLANNING D:1-11
    31 | D:1      | 31 ||| Stepping ~*~*~tactically~*~*~ (hiding).
   133 | D:1      | 133 ||| Stepping ~*~*~tactically~*~*~ (hiding).
   235 | D:1      | 235 ||| Stepping ~*~*~tactically~*~*~ (hiding).
   265 | D:1      | 265 ||| Stepping ~*~*~tactically~*~*~ (stealth).
   266 | D:1      | 266 ||| Stepping ~*~*~tactically~*~*~ (stealth).
   268 | D:1      | 268 ||| Stepping ~*~*~tactically~*~*~ (stealth).
   275 | D:1      | Reached XP level 2. HP: 7/17 MP: 6/6
   277 | D:1      | Reached skill level 3 in Axes
   560 | D:1      | 560 ||| DROPPING +0 club.
   805 | D:1      | 805 ||| UPGRADING to +0 ring mail.
   815 | D:1      | 815 ||| DROPPING +0 leather armour.
   816 | D:1      | 816 ||| READING 2 scrolls labelled MUOQ NACWOBAOPH.
   821 | D:1      | 821 ||| READING scroll labelled QUDIED IGROQI.
   822 | D:1      | 822 ||| READING scroll labelled LOYPIS JEOKHUZ.
   823 | D:1      | 823 ||| DRINKING 2 smoky puce potions.
   824 | D:1      | 824 ||| DRINKING 2 puce potions.
   825 | D:1      | 825 ||| DROPPING scroll of blinking.
   826 | D:1      | 826 ||| DROPPING potion of brilliance.
   855 | D:2      | 855 ||| FLEEEEING.
   856 | D:2      | 856 ||| STAIRDANCE
   919 | D:2      | 919 ||| Stepping ~*~*~tactically~*~*~ (stealth).
   932 | D:2      | Reached XP level 3. HP: 21/21 MP: 7/7
   940 | D:2      | Found Xoyt's Distillery.
   945 | D:2      | 945 ||| Stepping ~*~*~tactically~*~*~ (stealth).
  1067 | D:2      | Reached skill level 4 in Axes
  1460 | D:2      | You fall into a shaft and drop 2 floors!
  1535 | D:4      | Reached XP level 4. HP: 26/26 MP: 8/8
  1613 | D:4      | 1613 ||| Stepping ~*~*~tactically~*~*~ (hiding).
  1622 | D:4      | Reached skill level 5 in Axes
  1780 | D:4      | 1780 ||| UPGRADING to +0 chain mail.
  1790 | D:4      | 1790 ||| DROPPING +0 ring mail.
  1791 | D:4      | 1791 ||| UPGRADING to amulet of reflection.
  1796 | D:4      | 1796 ||| UPGRADING to ring of poison resistance.
  1797 | D:4      | 1797 ||| READING 2 scrolls labelled LIULOKHEDO.
  1798 | D:4      | 1798 ||| READING scroll labelled TYRELI MURPHOJ.
  1799 | D:4      | 1799 ||| READING scroll labelled AGOBLYOJER.
  1814 | D:3      | 1814 ||| Stepping ~*~*~tactically~*~*~ (stealth).
  1814 | D:3      | Noticed a scorpion
  1822 | D:3      | HP: 6/26 [frozen (2)]
  1823 | D:3      | 1823 ||| READING 2 scrolls of teleportation.
  1823 | D:3      | HP: 1/26 [scorpion zombie (4)]
  1823 | D:3      | Frozen to death by an endoplasm

Levels and vault maps discovered:
D:1:      beargit_arrival_greenhouse, layout_rooms, minmay_misc_feat_alley
D:2:      minmay_chambers_of_twos, layout_basic, serial_shops,
          nicolae_shop_stone, st_stairs_8, minmay_misc_feat_diagonals,
          minmay_tromino_v4_b
D:3:      layout_basic, serial_undead, serial_undead_a, serial_undead_d,
          serial_undead_a, serial_undead_f
D:4:      layout_basic, uniq_blork_the_orc

Skill      XL: |  1  2  3  4 |
---------------+-------------+-----
Axes           | 3 4 5 |  5.4
Fighting       | |  2.0
Throwing       | |  1.0
Armour         | |  1.1
Dodging        | |  2.1
Spellcasting   | |  2.0
Translocations | |  2.4

Action                   |  1- 3 |  4- 6 || total
-------------------------+-------+-------++-------
Melee: Hand axe          |    63 |    31 ||    94
       Peck              |     7 |     8 ||    15
       Kick              |    11 |     7 ||    18
       Punch             |       |     1 ||     1
Throw: Boomerang         |     7 |       ||     7
       Javelin           |    20 |     7 ||    27
  Use: Scroll            |     3 |     4 ||     7
       Potion            |     2 |       ||     2
Armor: Leather armour    |     7 |       ||     7
       Ring mail         |    15 |     8 ||    23
       Chain mail        |       |     9 ||     9
Dodge: Dodged            |    33 |    21 ||    54
Block: Other             |       |     5 ||     5

Table legend:
 A = Non-vault XP
 B = Vault XP
 C = Vault XP percentage of total XP
 D = Non-vault monster count
 E = Vault monster count
 F = Vault count percentage of total count
                 A         B        C        D         E       F
            +---------+---------+-------+---------+---------+-------
      Total |     158 |       4 |   2.5 |      36 |       3 |   7.7
            +---------+---------+-------+---------+---------+-------
        D:1 |      24 |       0 |   0.0 |      13 |       0 |   0.0
        D:2 |      41 |       3 |   6.8 |      14 |       2 |  12.5
        D:3 |       2 |       1 |  33.3 |       1 |       1 |  50.0
        D:4 |      91 |       0 |   0.0 |       8 |       0 |   0.0
            +---------+---------+-------+---------+---------+-------
